 Dungeon Crawl Stone Soup version 0.23-a0-150-g7664ed78f7 (webtiles) character file.

85 Holzbalken the Insei (level 4, -3/33 HPs)
             Began as a Demonspawn Transmuter on Sept 7, 2018.
             Shot with a stone by a goblin (5 damage)
             ... on level 3 of the Dungeon.
             The game lasted 00:10:19 (2793 turns).

Holzbalken the Insei (Demonspawn Transmuter)        Turns: 2793, Time: 00:10:20

Health: -3/33      AC:  4    Str: 11    XL:     4   Next: 25%
Magic:  8/8        EV: 13    Int: 14    God:
Gold:   79         SH:  0    Dex: 14    Spells: 5/8 levels left

rFire    . . .     SeeInvis .     - Unarmed
rCold    . . .     Gourm    .   (no shield)
rNeg     . . .     Faith    .   b - +0 robe
rPois    .         Spirit   .   (no helmet)
rElec    .         Reflect  .   g - +0 cloak
rCorr    .         Harm     .   (no gloves)
MR       .....                  k - +0 pair of boots
Stlth    +.........             (no amulet)
HPRegen  0.11/turn              (no ring)
MPRegen  0.11/turn              (no ring)

@: no status effects
A: powered by pain 1
a: no special abilities


You were on level 3 of the Dungeon.
You were not hungry.

You visited 1 branch of the dungeon, and saw 3 of its levels.

You collected 79 gold pieces.

Inventory:

Missiles
 a - 37 arrows
Armour
 b - a +0 robe (worn)
 f - a +3 ring mail
 g - a +0 cloak (worn)
 k - a +0 pair of boots (worn)
Scrolls
 e - a scroll of magic mapping {unknown}
 h - 3 scrolls of remove curse {unknown}
 i - a scroll of amnesia {unknown}
 n - a scroll of teleportation {unknown}
Potions
 j - a potion of lignification {unknown}
 l - a potion of resistance {unknown}
 m - a potion of heal wounds
Comestibles
 d - 3 rations


   Skills:
 + Level 1.6 Fighting
 * Level 2.5 Dodging
 + Level 2.9 Unarmed Combat
 * Level 2.7 Spellcasting
 * Level 2.5 Transmutations


You had 5 spell levels left.
You knew the following spells:

 Your Spells              Type           Power        Failure   Level  Hunger
a - Beastly Appendage     Tmut           #.....       8%          1    #......
b - Sticks to Snakes      Tmut           #.......     12%         2    ###....

Your spell library contained the following spells:

 Spells                   Type           Power        Failure   Level  Hunger
 Spider Form              Tmut/Pois      #.........   36%         3    ###....
 Ice Form                 Ice/Tmut       #.......     78%         4    #####..
 Blade Hands              Tmut           #.........   91%         5    ######.


Dungeon Overview and Level Annotations

Branches:
Dungeon (3/15)

Altars:


Innate Abilities, Weirdness & Mutations

You sometimes gain a little power by taking damage.


Message History

The orc wizard looks satisfied for a moment.
The hobgoblin shoots a sling bullet.
The sling bullet hits you.
* * * LOW HITPOINT WARNING * * *
The goblin shoots a stone.
The stone barely misses you. The goblin hits you but does no damage.
The goblin unwields an uncursed hunting sling.
The goblin closely misses you.
You see here a sling bullet.
The hobgoblin barely misses you. The goblin hits you but does no damage.
The hobgoblin shoots a sling bullet.
The sling bullet completely misses you.
The goblin shoots a stone.
The stone hits you but does no damage.
Things that are here:
a stone; a sling bullet You open the door.
The goblin barely misses you.
Found a hand axe.
The goblin misses you. The hobgoblin closely misses you.
There is an open door here.
The goblin shoots a stone.
The stone hits you.
You die...

###### #....# #....#
########...g#########..
......#(...gg#.........
......'((ooggg.@.......
.....#(....g#)........
#### ##(..(#########..
#(..(# #.(..#
#########''#########
≈≈≈≈≈≈≈≈≈.((..≈≈≈≈≈≈≈
≈≈≈≈≈≈≈≈≈....≈≈≈≈≈≈≈≈
≈≈≈≈≈≈≈≈≈....≈≈≈≈≈≈≈≈


You could see an orc wizard, an orc, 3 hobgoblins and 3 goblins.

Vanquished Creatures
  3 adders (D:2)
  An ooze (D:1)
  A leopard gecko (D:2)
  A ball python (D:2)
  6 bats
  7 goblins
  9 hobgoblins
  7 jackals (D:1)
  2 kobolds (D:1)
  3 quokkas (D:2)
  4 frilled lizards
  4 rats
48 creatures vanquished.

Notes
Turn   | Place    | Note
-------+----------+-------------------------------------------
     0 | D:1      | Holzbalken the Demonspawn Transmuter began the quest for
                  | the Orb.
     0 | D:1      | Reached XP level 1. HP: 15/15 MP: 3/3
    44 | D:1      | Gained mutation: You sometimes gain a little power by
                  | taking damage. [demonic ancestry]
    44 | D:1      | Reached XP level 2. HP: 8/21 MP: 5/5
   225 | D:1      | Learned a level 2 spell: Sticks to Snakes
  1194 | D:1      | Reached XP level 3. HP: 23/26 MP: 6/6
  2232 | D:2      | Reached XP level 4. HP: 8/32 MP: 6/8
  2785 | D:3      | HP: 1/33 [hobgoblin/sling bullet (6)]
  2793 | D:3      | Shot with a stone by a goblin

Vault maps used:
D:1:      matt_arrival_diagonals
D:3:      minmay_goblin_kobold_castle, uniq_sigmund, uniq_natasha, uniq_robin

Skill      XL: |  1 |
---------------+----+-----
Dodging        | 2 |  2.5
Transmutations | 2 |  2.5
Fighting       | |  1.6
Unarmed Combat | |  2.9
Spellcasting   | |  2.7

Action                   |  1- 3 |  4- 6 || total
-------------------------+-------+-------++-------
Melee: Unarmed           |   197 |     9 ||   206
       Kick              |     3 |       ||     3
       Punch             |     2 |       ||     2
       Headbutt          |     5 |     2 ||     7
 Cast: Beastly Appendage |     7 |     1 ||     8
  Use: Potion            |     2 |       ||     2
  Eat: Chunk             |     4 |     2 ||     6
Armor: Robe              |    54 |    12 ||    66
Dodge: Dodged            |   160 |    50 ||   210

Table legend:
 A = Non-vault XP
 B = Vault XP
 C = Vault XP percentage of total XP
 D = Non-vault monster count
 E = Vault monster count
 F = Vault count percentage of total count
                 A         B        C        D         E       F
            +---------+---------+-------+---------+---------+-------
      Total |     122 |       0 |   0.0 |      48 |       0 |   0.0
            +---------+---------+-------+---------+---------+-------
        D:1 |      52 |       0 |   0.0 |      27 |       0 |   0.0
        D:2 |      70 |       0 |   0.0 |      21 |       0 |   0.0
            +---------+---------+-------+---------+---------+-------
